 Dungeon Crawl Stone Soup version 0.20-a0-1020-g7b9e4fe (webtiles) character file.

155 Monsterracer the Sneak (level 5, -1/24 HPs)
             Began as a Spriggan Enchanter on Apr 18, 2017.
             Killed by nerve-wracking pain
             ... invoked by Grinder
              (11 damage)
             ... on level 2 of the Dungeon.
             The game lasted 00:09:29 (3073 turns).

Monsterracer the Sneak (Spriggan Enchanter)         Turns: 3073, Time: 00:09:30

Health: -1/24      AC:  3    Str:  4    XL:     5   Next: 14%
Magic:  9/10       EV: 18    Int: 17    God:
Gold:   54         SH:  0    Dex: 17    Spells: 6/9 levels left

rFire    . . .     SeeInvis +   a - +1 dagger
rCold    . . .     Gourm    .   (shield restricted)
rNeg     . . .     Faith    .   b - +0 robe
rPois    .         Spirit   .   (helmet restricted)
rElec    .         Reflect  .   k - +0 cloak
rCorr    .         Harm     .   (gloves unavailable)
MR       .....                  (boots unavailable)
Stlth    ++++......             (no amulet)
Regen    0.1/turn               (no ring)
MPRegen  0.2/turn               (no ring)

@: very quick
A: unfitting armour, see invisible, herbivore 3, speed 3, slow metabolism 2
a: no special abilities


You were on level 2 of the Dungeon.
You were not hungry.

You visited 1 branch of the dungeon, and saw 3 of its levels.

You collected 54 gold pieces.

Inventory:

Hand Weapons
 a - a +1 dagger (weapon)
Armour
 b - a +0 robe (worn)
 k - a +0 cloak (worn)
Scrolls
 e - 2 scrolls of noise {unknown}
 g - a scroll of teleportation {unknown}
 h - 2 scrolls of identify {unknown}
 l - a scroll of remove curse {unknown}
 m - a scroll of blinking {unknown}
Potions
 f - a potion of haste
 i - a potion of might
Books
 c - a book of Maledictions

   Spells                             Type                      Level
   a - Corona                         Hexes                        1
   b - Ensorcelled Hibernation        Hexes/Ice                    2
   c - Confuse                        Hexes                        3
   d - Tukima's Dance                 Hexes                        3
   e - Dazzling Spray                 Conjuration/Hexes            3
Comestibles
 d - a bread ration


   Skills:
 + Level 4.2 Short Blades
 - Level 3.0 Dodging
 * Level 6.7 Stealth
 - Level 2.6 Spellcasting
 - Level 3.6 Hexes


You had 6 spell levels left.
You knew the following spells:

 Your Spells              Type           Power        Failure   Level  Hunger
a - Corona                Hex            ##.....      4%          1    #......
b - Ensorcelled Hibernat  Hex/Ice        #.....       17%         2    ##.....


Dungeon Overview and Level Annotations

Branches:
Dungeon (3/15)

Altars:

Annotations:
D:2 Grinder


Innate Abilities, Weirdness & Mutations

You are very small and have problems with some larger weapons.
You are too small for most types of armour.
You have supernaturally acute eyesight. (SInv)
You are a herbivore.
You cover ground extremely quickly.
You need consume almost no food.


Message History

Press: ? - help, Shift-Dir - straight line, f - bat
Aim: a bat (chance to defeat MR: 57%)
The bat looks drowsy...
Grinder gestures at you. You resist with significant effort.
The helpless bat fails to defend itself.
You skewer the bat like a kebab!!!
You kill the bat!
Grinder hits you.
You writhe in agony.
Grinder gestures at you.
You suddenly lose the ability to move!
Grinder says, "Just stop there for a second..."
Grinder blinks!
Grinder gestures at you. Pain shoots through your body!
You can move again.
A leopard gecko comes into view.
Grinder gestures at you. Pain shoots through your body!
You die...

#####
############...###########
#...†...#>.....'..........
#.#.....#5##...###########
#.#.###.#.#...)..##
#.#.#####.#.......#
##.#......@........#
#......###.#.......#
#......# #.#.......########
#......###.#...............
#......'.#.#.#.............
#......#.#.#...............
########.#.#.##..........#.
#.#l.[............#.
#########.#..............###


You could see Grinder and a leopard gecko (wandering).

Vanquished Creatures
  Terence (D:2)
  2 gnolls
  4 adders (D:2)
  A worm (D:2)
  5 dart slugs
  2 leopard geckos (D:2)
  4 bats
  3 giant cockroaches
  4 goblins
  7 hobgoblins
  8 jackals
  A quokka (D:2)
  A ball python (D:2)
  2 frilled lizards
  6 kobolds
  8 rats
59 creatures vanquished.

Notes
Turn   | Place    | Note
-------+----------+-------------------------------------------
     0 | D:1      | Monsterracer the Spriggan Enchanter began the quest for the Orb.
     0 | D:1      | Reached XP level 1. HP: 9/9 MP: 5/5
   555 | D:1      | Reached XP level 2. HP: 7/13 MP: 3/6
   594 | D:1      | Learned a level 2 spell: Ensorcelled Hibernation
  1200 | D:1      | Reached XP level 3. HP: 15/16 MP: 6/8
  1237 | D:1      | Reached skill level 5 in Stealth
  1976 | D:2      | Reached XP level 4. HP: 21/21 MP: 9/9
  2001 | D:2      | Noticed Terence
  2025 | D:2      | Killed Terence
  2025 | D:2      | Reached skill level 6 in Stealth
  2530 | D:2      | Reached XP level 5. HP: 13/24 MP: 0/10
  3048 | D:3      | Noticed Grinder
  3065 | D:2      | Paralysed by Grinder for 6 turns
  3073 | D:2      | Killed from afar by Grinder

Vault maps used:
D:1:      dpeg_arrival_oval
D:2:      minmay_unequal, uniq_terence
D:3:      cheibrodos_sewer_entry_drain, uniq_grinder

Skill      XL: |  1  2  3  4 |
---------------+-------------+-----
Short Blades   | 2 3 4 |  4.2
Stealth        | 5 6 |  6.7
Dodging        | |  3.0
Spellcasting   | |  2.6
Hexes          | |  3.6

Action                   |  1- 3 |  4- 6 || total
-------------------------+-------+-------++-------
Melee: Dagger            |    88 |    79 ||   167
 Cast: Corona            |    13 |     6 ||    19
       Ensorcelled Hiber |    15 |    15 ||    30
  Use: Potion            |     3 |     2 ||     5
 Stab: Sleeping          |    16 |    12 ||    28
  Eat: Bread ration      |       |     1 ||     1
Armor: Robe              |    14 |    10 ||    24
Dodge: Dodged            |    86 |    77 ||   163
